 Dungeon Crawl Stone Soup version 0.30.0-15-g856e2d3f33 (webtiles) character file.

Game seed: 2202255776451180158

142 MacCMillion the Chopper (level 5, -22/45 HPs)
             Began as a Hill Orc Fighter on May 19, 2023.
             Annihilated by an ogre
             ... wielding a +0 giant club
              (30 damage)
             ... on level 4 of the Dungeon.
             The game lasted 00:03:32 (2776 turns).

MacCMillion the Chopper (Hill Orc Fighter)          Turns: 2776, Time: 00:03:32

Health: -22/45     AC: 12    Str: 21    XL:     5   Next: 25%
Magic:  5/5        EV:  6    Int:  8    God:
Gold:   197        SH:  4    Dex: 10    Spells: 4/4 levels left

rFire   . . .        a - +0 war axe
rCold   . . .        c - +0 buckler
rNeg    . . .        h - +0 plate armour
rPois   .            (no helmet)
rElec   .            (no cloak)
rCorr   .            e - +0 pair of gloves
SInv    .            (no boots)
Will    .....        (no amulet) Stlth
                     (no ring)
HPRegen 0.27/turn    (no ring)
MPRegen 0.09/turn

%: no passive effects
@: no status effects
A: no striking features
a: no special abilities


You were on level 4 of the Dungeon.
You visited 1 branch of the dungeon, and saw 4 of its levels.

You collected 197 gold pieces.

Inventory:

Hand Weapons
 a - a +0 war axe (weapon)
Missiles
 m - 5 javelins (quivered)
 n - 3 poisoned darts
 o - 6 curare-tipped darts
 s - a throwing net
Armour
 b - a +0 scale mail
 c - a +0 buckler (worn)
 e - a +0 pair of gloves (worn)
 h - a +0 plate armour (worn)
Jewellery
 t - a ring of protection from cold
Scrolls
 f - a scroll of teleportation {unknown}
 g - 2 scrolls of vulnerability {unknown}
 j - a scroll of magic mapping {unknown}
 k - a scroll of enchant weapon {unknown}
 r - a scroll of immolation {unknown}
Potions
 d - 2 potions of might
 i - 2 potions of flight {unknown}
 l - a potion of attraction {unknown}
 p - a potion of curing {unknown}
 q - a potion of lignification {unknown}


   Skills:
 - Level 3.6 Fighting
 + Level 5.9 Axes
 - Level 4.0 Armour
 - Level 4.0 Shields


You had 4 spell levels left.
You didn't know any spells.
Your spell library contained the following spells:

 Spells                   Type           Power      Damage    Failure   Level
 Freeze                   Ice            0%         1d3       100%        1
 Slow                     Hex            0%         N/A       100%        1
 Scorch                   Fire           0%         2d5       100%        2
 Confusing Touch          Hex            0%         N/A       100%        3
 Frozen Ramparts          Ice            0%         1d1       100%        3
 Hailstorm                Conj/Ice       0%         3d3       100%        3
 Vampiric Draining        Necr           0%         2d6       100%        3
 Flame Wave               Conj/Fire      0%         2d4       100%        4
 Summon Cactus Giant      Summ           0%         N/A       100%        6


Dungeon Overview and Level Annotations

Branches:
Dungeon (4/15)
 Temple: D:4-7

Altars:
Dithmenos
Elyvilon
Wu Jian

Annotations:
D:3 2 transporters


Message History

An ogre is nearby!
You completely miss the ogre. The ogre hits you with a +0 giant club!
You hit the ogre.
The ogre is lightly wounded.
You hit the ogre but do no damage.
The ogre is lightly wounded.
The ogre hits you with a +0 giant club!!
Ouch! That really hurt!
* * * LOW HITPOINT WARNING * * *
The ogre attacks as you move away! You block the ogre's attack.
The ogre attacks as you move away! The ogre hits you but does no damage.
There is a stone staircase leading up here.
You climb upwards.
Level annotation: 2 transporters
There is a stone staircase leading down here.
You start resting.
HP restored.
You climb downwards.
The ogre barely misses you.
There is a stone staircase leading up here.
You barely miss the ogre. The ogre hits you with a +0 giant club!
You barely miss the ogre. The ogre hits you but does no damage.
You slash the ogre!
The ogre is heavily wounded.
The ogre hits you with a +0 giant club.
You hit the ogre but do no damage.
The ogre is heavily wounded.
The ogre closely misses you.
You completely miss the ogre.
The ogre is heavily wounded.
You closely miss the ogre.
The ogre is heavily wounded.
The ogre hits you with a +0 giant club.
You slash the ogre!
The ogre is severely wounded.
The ogre hits you with a +0 giant club!
* * * LOW HITPOINT WARNING * * *
The ogre attacks as you move away!
The ogre hits you with a +0 giant club!!
Ouch! That really hurt!
You die...

#. #...# .# ###.
#...##.# ...
........!
.#####.##........
............##...
.................
.########.#.##..
#####........#
..###...#@####.#.#
_.....P..O####...#
.###...#........#
#####.####.#.# #.#
..... ... ......
.... #.. ...
##.... #...#


You could see an ogre.

Vanquished Creatures
  An orc wizard (D:3)
  4 gnolls (D:2)
  A worm (D:2)
  7 dart slugs
  4 orcs (D:3)
  5 endoplasms
  3 giant cockroaches
  4 goblins
  6 hobgoblins
  6 kobolds
  A quokka (D:3)
  6 bats
  7 frilled lizards
  5 rats
60 creatures vanquished.

Notes
Turn   | Place    | Note
-------+----------+-------------------------------------------
     0 | D:1      | MacCMillion the Hill Orc Fighter began the quest for the
                  | Orb.
     0 | D:1      | Reached XP level 1. HP: 19/19 MP: 1/1
   100 | D:1      | Reached skill level 3 in Axes
   102 | D:1      | Reached XP level 2. HP: 21/26 MP: 2/2
   213 | D:1      | Found a faded altar of an unknown god.
   373 | D:1      | Reached XP level 3. HP: 31/31 MP: 3/3
  1193 | D:2      | Reached skill level 4 in Axes
  1193 | D:2      | Reached XP level 4. HP: 29/39 MP: 4/4
  1288 | D:2      | Reached skill level 5 in Axes
  1624 | D:3      | Found a transporter.
  1638 | D:3      | Found a shadowy altar of Dithmenos.
  1643 | D:3      | Found a transporter.
  1806 | D:3      | Found an ornate altar of the Wu Jian Council.
  1986 | D:3      | Reached XP level 5. HP: 42/45 MP: 5/5
  2609 | D:4      | Found a white marble altar of Elyvilon.
  2618 | D:4      | Noticed an ogre
  2776 | D:4      | Annihilated by an ogre

Illustrated notes

Levels and vault maps discovered:
D:1:      nagdon_arrival_double_spiral, layout_rooms,
          shapermc_ecumenical_altar_flowoftime
D:2:      minmay_kobold_bridge, layout_loops_cross,
          chequers_serial_rivers_small_a
D:3:      layout_loops_corners, gammafunk_temple_overflow_arena,
          nicolae_wu_jian_immortal_techniques
D:4:      layout_basic, elyvilon_altar_1, mainiacjoe_overflow_alcove_1,
          mainiacjoe_overflow_small_starburst, nicolae_qazlal_style_of_elements,
          mainiacjoe_overflow_big_doors, uniq_menkaure, uniq_duvessa, uniq_ijyb

Skill      XL: |  1  2  3  4 |
---------------+-------------+-----
Axes           | 3 4 5 |  5.9
Shields        | 4 |  4.0
Armour         | 4 |  4.0
Fighting       | |  3.6

Action                     |  1- 3 |  4- 6 || total
---------------------------+-------+-------++-------
  Melee: War axe           |   125 |    81 ||   206
 Armour: Scale mail        |    20 |       ||    20
         Plate armour      |    61 |    52 ||   113
  Dodge: Dodged            |    38 |    24 ||    62
  Block: Buckler           |    31 |    16 ||    47
